 Dungeon Crawl Stone Soup version 0.32-a0-643-ga006e7742e (webtiles) character file.

Game seed: 18077663569962684817

36 dialectric the Poker (level 3, -1/28 HPs)
             Began as a Coglin Gladiator on Mar 7, 2024.
             Slain by a cerulean imp
             ... wielding a +0 spear
             ... summoned by Natasha
              (2 damage)
             ... on level 2 of the Dungeon.
             The game lasted 00:00:42 (661 turns).

dialectric the Poker (Coglin Gladiator)              Turns: 661, Time: 00:00:43

Health: -1/28      AC:  4    Str: 16    XL:     3   Next: 37%
Magic:  3/3        EV: 12    Int:  7    God:
Gold:   75         SH:  0    Dex: 15    Spells: 2/2 levels left

rFire   . . .        a - +0 trident {Ishtar-belessa}
rCold   . . .        f - +0 dagger {Rubén}
rNeg    . . .        b - +0 leather armour
rPois   .            c - +0 helmet
rElec   .            (no cloak)
rCorr   .            (no gloves)
SInv    .            (no boots)
Will    .....        (amulet unavailable)
Stlth   +            (ring unavailable)
HPRegen 0.24/turn    (ring unavailable)
MPRegen 0.08/turn    (no gizmo)

%: no passive effects
@: slowed, revved, very slow
A: off-hand wielding, slow wielding, warmup strikes, no jewellery
a: Invent Gizmo


You were on level 2 of the Dungeon.
You visited 1 branch of the dungeon, and saw 2 of its levels.

You collected 75 gold pieces.

Inventory:

Hand Weapons
 a - a +0 trident (weapon) {Ishtar-belessa}
 f - a +0 dagger (offhand) {Rubén}
Missiles
 d - 3 throwing nets (quivered)
 e - a javelin
Armour
 b - a +0 leather armour (worn)
 c - a +0 helmet (worn)
Scrolls
 h - a scroll of enchant weapon {unknown}
Potions
 g - a potion of lignification {unknown}
 i - 2 potions of curing {unknown}


   Skills:
 + Level 2.3 Fighting
 * Level 3.1 Polearms
 + Level 2.1 Throwing
 + Level 0.3 Armour
 + Level 2.9 Dodging
 + Level 0.4 Stealth


You had 2 spell levels left.
You didn't know any spells.
Your spell library contained the following spells:

 Spells                   Type           Power      Damage    Failure   Level
 Magic Dart               Conj           0%         1d3       50%         1
 Searing Ray              Conj           0%         2d4       65%         2
 Fulminant Prism          Conj/Alch      0%         3d5       99%         4


Dungeon Overview and Level Annotations

Branches:
Dungeon (2/15)

Altars:

Annotations:
D:2 Natasha


Innate Abilities, Weirdness & Mutations

You can wield a second weapon in your off-hand.
It takes a long time for you to wield or remove held weapons.
Your first few attacks do less damage.
You cannot equip rings or amulets.


Message History

You miss Natasha with your +0 dagger.
Natasha howls an incantation.
Natasha glows brightly for a moment.
Natasha casts a spell.
The cerulean imp hits you but does no damage.
Natasha stares at you and mumbles some strange words.
The magic dart hits you! The cerulean imp barely misses you.
You barely miss Natasha with your +0 trident.
Natasha is severely wounded.
You hit Natasha with your +0 dagger. Natasha claws you.
The cerulean imp hits you from afar with a +0 spear.
The cerulean imp hits you but does no damage.
You hit Natasha but do no damage.
Natasha is severely wounded.
You closely miss Natasha with your +0 trident.
The cerulean imp hits you but does no damage.
Natasha claws you.
* * * LOW HITPOINT WARNING * * *
The cerulean imp barely misses you. Natasha closely misses you.
The cerulean imp hits you from afar with a +0 spear.
* * * LOW HITPOINT WARNING * * *
The cerulean imp hits you from afar with a +0 spear.
* * * LOW HITPOINT WARNING * * *
You hit Natasha but do no damage.
Natasha is severely wounded.
You barely miss Natasha with your +0 trident.
Natasha barely misses you. The cerulean imp barely misses you.
The cerulean imp completely misses you.
You hit Natasha but do no damage.
Natasha is severely wounded.
You hit Natasha with your +0 trident.
Natasha casts a spell.
The cerulean imp hits you but does no damage.
The cerulean imp misses you. Natasha casts a spell at you.
You feel as though you will be slow longer.
The cerulean imp hits you from afar with a +0 spear.
* * * LOW HITPOINT WARNING * * *
The cerulean imp hits you from afar with a +0 spear.
You die...

. ...# #.#..#
##.#..#
..#..# #
....# .. .55
#.#.# #h#
#.....#@#####
#....5....#
###.#..>.##
#....#.# #
#.#..#.###
#.#.#..#.#.#
##.#.#..#.#.#
..........#.#
#.#.#..###.#


You could see Natasha and 3 cerulean imps.

Vanquished Creatures
  2 dart slugs (D:1)
  3 ball pythons (D:1)
  4 bats (D:1)
  2 endoplasms (D:1)
  4 goblins (D:1)
  3 hobgoblins (D:1)
  A quokka (D:1)
  A frilled lizard (D:1)
  4 kobolds (D:1)
  3 rats
27 creatures vanquished.

Notes
Turn   | Place    | Note
-------+----------+-------------------------------------------
     0 | D:1      | dialectric the Coglin Gladiator began the quest for the
                  | Orb.
     0 | D:1      | Reached XP level 1. HP: 16/16 MP: 1/1
   211 | D:1      | Reached XP level 2. HP: 21/22 MP: 2/2
   315 | D:1      | Reached skill level 3 in Polearms
   375 | D:1      | Reached XP level 3. HP: 25/27 MP: 3/3
   651 | D:2      | Noticed Natasha
   661 | D:2      | HP: 1/28 [cerulean imp/+0 spear[Natasha] (4)]
   661 | D:2      | Slain by a cerulean imp

Illustrated notes

Levels and vault maps discovered:
D:1:      minmay_arrival_arboretum_large, layout_loops_ring,
          roderic_roman_lattice
D:2:      layout_basic, basic_altar, uniq_natasha

Skill      XL: |  1  2 |
---------------+-------+-----
Throwing       | 2 |  2.1
Polearms       | 3 |  3.1
Fighting       | |  2.3
Armour         | |  0.3
Dodging        | |  2.9
Stealth        | |  0.4

Action                     || total
---------------------------++-------
  Melee: Trident           ||    51
         Dagger            ||    37
   Stab: Sleeping          ||     7
 Armour: Leather armour    ||    23
  Dodge: Dodged            ||    24

Table legend: (Time is in decaauts)
 A = Elapsed time spent in this place.
 B = Non-inter-level travel time spent in this place.
 C = Inter-level travel time spent in this place.
 D = Time resting spent in this place.
 E = Time spent auto-exploring this place.
 F = Levels seen in this place.
 G = Mean time per level.
                   A        B        C        D        E       F      G
               +--------+--------+--------+--------+--------+-----+--------+
         Total |    667 |    651 |     16 |      0 |    531 |   2 |  333.5 |
       Dungeon |    667 |    651 |     16 |      0 |    531 |   2 |  333.5 |
               +--------+--------+--------+--------+--------+-----+--------+

Top non-repeatable levels by time:
     D:1: 619 daAuts
     D:2: 47 daAuts
